 Dungeon Crawl Stone Soup version 0.23.1 (webtiles) character file.

Game seed: 7132480656001123054

44 Kairos the Skirmisher (level 3, 0/20 HPs)
             Began as a Vine Stalker Abyssal Knight on Mar 3, 2019.
             Was a Follower of Lugonu.
             Slain by Terence
             ... wielding a +0 mace
              (2 damage)
             ... on level 2 of the Dungeon.
             The game lasted 00:01:28 (1211 turns).

Kairos the Skirmisher (Vine Stalker Abyssal Knight) Turns: 1211, Time: 00:01:29

Health: 0/20       AC:  5    Str: 15    XL:     3   Next: 60%
Magic:  0/5        EV: 11    Int: 12    God:    Lugonu [*.....]
Gold:   63         SH:  0    Dex: 13    Spells: 2/2 levels left

rFire    . . .     SeeInvis .   a - +1 hand axe
rCold    . . .     Gourm    .   (no shield)
rNeg     . . .     Faith    .   b - +0 leather armour
rPois    .         Spirit   +   (no helmet)
rElec    .         Reflect  .   k - +1 cloak
rCorr    .         Harm     .   (no gloves)
MR       .....                  (no boots)
Stlth    +.........             (no amulet)
HPRegen  0.06/turn              j - ring of flight
MPRegen  0.09/turn              (no ring)

@: no status effects
A: fangs 2, magic shield, antimagic bite, no potion heal 3, rot immunity
a: Depart the Abyss, Renounce Religion, Evoke Flight


You were on level 2 of the Dungeon.
You worshipped Lugonu.
Lugonu was aware of your devotion.
You were hungry.

You visited 1 branch of the dungeon, and saw 2 of its levels.
You visited the Abyss 1 time.

You collected 63 gold pieces.

Inventory:

Hand Weapons
 a - a +1 hand axe (weapon)
Armour
 b - a +0 leather armour (worn)
 h - a +0 buckler
 k - a +1 cloak (worn)
Jewellery
 j - a ring of flight (left hand)
Scrolls
 d - a scroll of immolation
 e - a scroll of identify
 l - a scroll of remove curse
Potions
 f - a potion of curing
 g - a potion of resistance {unknown}
 i - a potion of invisibility {unknown}
Comestibles
 c - 2 rations


   Skills:
 + Level 3.3 Fighting
 + Level 2.2 Axes
 + Level 2.1 Armour
 + Level 0.7 Dodging
 + Level 2.0 Invocations


You had 2 spell levels left.
You didn't know any spells.
Your spell library was empty.

Dungeon Overview and Level Annotations

Branches:
Dungeon (2/15)

Altars:

Annotations:
D:2 Terence


Innate Abilities, Weirdness & Mutations

You have extremely sharp teeth.
When hurt, damage is shared between your health and your magic reserves.
Your bite disrupts and absorbs the magic of your enemies.
Potions cannot restore your health.
You are immune to rotting.


Message History

a +0 club x2; a leopard gecko corpse; a hobgoblin corpse x2
Terence the Incautious comes into view.
He is wielding a +0 mace.
Items here: )) ††† a +0 club x2; a leopard gecko corpse; a hobgoblin corpse x2
Terence hits you with a +0 mace.
* * * LOW HITPOINT WARNING * * *
You hit Terence.
Terence is lightly wounded.
Terence hits you but does no damage.
You hit Terence. You bite Terence, but do no damage.
Terence is moderately wounded.
Terence barely misses you.
You closely miss Terence. Your bite misses Terence.
Terence is moderately wounded.
Terence hits you with a +0 mace.
* * * LOW HITPOINT WARNING * * *
You hit Terence. You bite Terence, but do no damage.
Terence is moderately wounded.
Terence hits you with a +0 mace.
You die...

##.##...##.#.###
#.....#........#
#...<...#.#.#
g....##....#.#.#
#............#.#
# ####.##.###.#
...##)# .#
#.#..##@# .# #
#.###@# .. #.
#.# #.. ####


You could see Terence.

Vanquished Creatures
  An adder (D:2)
  An ooze (D:1)
  A dart slug (D:1)
  A leopard gecko (D:2)
  A ball python (D:1)
  A giant cockroach (D:1)
  3 goblins (D:1)
  6 hobgoblins
  2 kobolds (D:1)
  2 bats (D:1)
  4 frilled lizards (D:1)
  5 rats (D:1)
28 creatures vanquished.

Notes
Turn   | Place    | Note
-------+----------+-------------------------------------------
     0 | Abyss:1  | Kairos the Vine Stalker Abyssal Knight began the quest for
                  | the Orb.
     0 | Abyss:1  | Reached XP level 1. HP: 11/11 MP: 3/3
    77 | Abyss:1  | Noticed a small abomination
    91 | D:1      | Escaped the Abyss
   286 | D:1      | Reached XP level 2. HP: 12/16 MP: 2/4
   353 | D:1      | Reached * piety under Lugonu
   353 | D:1      | Reached skill level 3 in Fighting
   727 | D:1      | Reached XP level 3. HP: 17/20 MP: 5/5
  1200 | D:2      | Noticed Terence
  1211 | D:2      | Slain by Terence

Skill      XL: |  1  2  3 |
---------------+----------+-----
Axes           | 2 |  2.2
Fighting       | 3 |  3.3
Invocations    | 2 |  2.0
Armour         | 2 |  2.1
Dodging        | |  0.7

Action                   || total
-------------------------++-------
Melee: Hand axe          ||    66
       Bite              ||    13
Invok: Depart the Abyss  ||     1
  Use: Scroll            ||     5
       Potion            ||     2
Armor: Leather armour    ||    17
Dodge: Dodged            ||    34
